 Dungeon Crawl Stone Soup version 0.27.0-1-g7a089689b8 (webtiles) character file.

Game seed: 14806508649611296387

1079 loansindi the Magician (level 8, -1/43 (57) HPs)
             Began as a Grey Draconian Air Elementalist on Aug 17, 2021.
             Was an Initiate of Makhleb.
             Slain by Edmund (8 damage)
             ... on level 5 of the Dungeon.
             The game lasted 00:25:23 (6693 turns).

loansindi the Magician (DrAE)                       Turns: 6693, Time: 00:25:23

HP:   -1/43 (57)    AC: 11    Str: 11    XL:     8   Next: 8%
MP:   7/15          EV: 12    Int: 18    God:    Makhleb [......]
Gold: 235           SH:  0    Dex: 11    Spells: 11/16 levels left

rFire    . . .     SeeInvis .   v - +1 short sword (speed)
rCold    . . .     Faith    .   (no shield)
rNeg     . . .     Spirit   .   (armour unavailable)
rPois    .         Reflect  .   (helmet restricted)
rElec    .         Harm     .   (no cloak)
rCorr    .         Rampage  .   (no gloves)
Will     .....                  (no boots)
Stlth    ++........             (no amulet)
HPRegen  0.14/turn              (no ring)
MPRegen  0.14/turn              (no ring)

@: heavily drained
A: AC +11, amphibious, unfitting armour, cold-blooded
a: Renounce Religion


You were on level 5 of the Dungeon.
You worshipped Makhleb.
Makhleb was noncommittal.
You visited 2 branches of the dungeon, and saw 6 of its levels.

You collected 235 gold pieces.

Inventory:

Hand Weapons
 a - a +0 dagger
 g - a +0 short sword
 v - a +1 short sword of speed (weapon)
Missiles
 d - 114 stones
 h - 4 silver javelins
 i - 61 sling bullets
 j - 29 poisoned darts
 l - 97 arrows
 s - 8 javelins
 F - 8 boomerangs
Armour
 b - a +0 helmet
 c - a +0 ring mail
 k - a +0 robe
 m - a +0 ring mail
 n - a +0 kite shield
 o - a +0 pair of boots
 r - a +0 robe
 t - a +2 helmet
 z - a +0 kite shield
Wands
 J - a wand of flame (15)
Scrolls
 f - a scroll of teleportation
 p - a scroll of silence
 q - a scroll of magic mapping {unknown}
 u - a scroll of enchant armour {unknown}
 x - a scroll of amnesia {unknown}
 y - 3 scrolls of torment {unknown}
 D - a scroll of fog {unknown}
 E - a scroll of enchant weapon {unknown}
 G - a scroll of blinking {unknown}
 H - a scroll of acquirement {unknown}
 I - a scroll of identify
Potions
 e - a potion of curing
 w - 2 potions of heal wounds {unknown}
 A - a potion of berserk rage {unknown}
 B - 2 potions of lignification {unknown}
 C - a potion of might {unknown}


   Skills:
 + Level 3.3 Short Blades
 + Level 1.0 Throwing
 + Level 3.0 Dodging
 + Level 3.0 Stealth
 + Level 4.6 Spellcasting
 + Level 4.0 Conjurations
 + Level 4.5 Air Magic


You had 11 spell levels left.
You knew the following spells:

 Your Spells              Type           Power      Damage    Failure   Level
a - Shock                 Conj/Air       76%        1d7       2%          1
b - Airstrike             Air            10%        N/A       22%         4

Your spell library contained the following spells:

 Spells                   Type           Power      Damage    Failure   Level
 Static Discharge         Conj/Air       19%        N/A       3%          2
 Swiftness                Air            20%        N/A       7%          3


Dungeon Overview and Level Annotations

Branches:
Dungeon (5/15)             Temple (1/1) D:5

Altars:
Cheibriados
Dithmenos
Fedhas
Makhleb
Okawaru
Qazlal
Trog
Uskayaw
Vehumet
Lugonu

Annotations:
D:5 Edmund


Innate Abilities, Weirdness & Mutations

Your dull iron-grey scales are very hard. (AC +11)
You are amphibious.
You cannot fit into any form of body armour.
You are cold-blooded and may be slowed by cold attacks.


Message History

Edmund hits you with a +4 dire flail of draining!
You feel drained.
* * * LOW HITPOINT WARNING * * *
It was a potion of curing.
You feel better.
Edmund hits you with a +4 dire flail of draining.
You feel drained.
Edmund says, "I'm quite good with sums, too."
You are too injured to fight recklessly!
You barely miss Edmund.
Edmund is heavily wounded.
Edmund hits you with a +4 dire flail of draining!
* * * LOW HITPOINT WARNING * * *
You feel drained.
* * * LOW HITPOINT WARNING * * *
You hit Edmund but do no damage.
Edmund is heavily wounded.
You barely miss Edmund.
Edmund is heavily wounded.
Edmund barely misses you.
You barely miss Edmund.
Edmund is heavily wounded.
Edmund hits you with a +4 dire flail of draining.
* * * LOW HITPOINT WARNING * * *
You feel drained.
* * * LOW HITPOINT WARNING * * *
You hit Edmund but do no damage.
Edmund is heavily wounded.
You hit Edmund but do no damage.
Your tail-slap misses Edmund.
Edmund is heavily wounded.
Edmund says, "You wouldn't believe how much I paid for this flail."
Edmund hits you with a +4 dire flail of draining.
* * * LOW HITPOINT WARNING * * *
You feel drained.
You closely miss Edmund.
Edmund is heavily wounded.
You hit Edmund but do no damage. You tail-slap Edmund.
Edmund is heavily wounded.
Edmund gestures with his flail.
Edmund hits you with a +4 dire flail of draining!
You die...

..#####..##############.#.#..#.#.
......................#.#.#..#.#.
...#####.#####........#.#<...#.#.
...# #..# #........#.#.#..#...
...# ##.# #.########.#.#..#...
...# #)# #.# #.#.#..#...
...######.## #.########.#)####...
...#....#..###..........#......#+
...'............@@...............
.#.#.....#..##...................
##.###...##.##.........#########.
##.# #..<##.##................##.
##.###...##.#######.#########.##.
...#.'...............########.##.
####.#...###.######..##........#.
..##.##### #..# #..##........#.
..##.# ##.# #..##........#.


You could see Edmund.

Vanquished Creatures
  Sigmund (D:2)
  Menkaure (D:5)
  An ice beast (D:4)
  A necrophage (D:4)
  2 ogres (D:5)
  A bullfrog zombie (D:3)
  2 hounds
  A jelly (D:5)
  An orc priest (D:3)
  An iguana (D:5)
  Terence (D:3)
  Natasha (twice) (D:3)
  A mummy (D:4)
  Robin (D:3)
  7 adders
  An ufetubus (D:4)
  5 dart slugs
  6 orcs
  8 ball pythons
  A bat (D:1)
  7 endoplasms
  7 giant cockroaches
  15 goblins
  10 hobgoblins
  11 jackals
  3 quokkas
  3 frilled lizards
  5 kobolds
  3 rats
109 creatures vanquished.

Notes
Turn   | Place    | Note
-------+----------+-------------------------------------------
     0 | D:1      | loansindi the Draconian Air Elementalist began the quest
                  | for the Orb.
     0 | D:1      | Reached XP level 1. HP: 14/14 MP: 3/3
   333 | D:1      | Reached XP level 2. HP: 20/20 MP: 0/5
   974 | D:1      | Reached XP level 3. HP: 26/26 MP: 2/6
  1988 | D:2      | Reached skill level 1 in Short Blades
  2277 | D:2      | Noticed Sigmund
  2801 | D:2      | Killed Sigmund
  2802 | D:2      | Reached XP level 4. HP: 33/33 MP: 0/8
  2802 | D:2      | Reached XP level 5. HP: 38/38 MP: 0/9
  3240 | D:3      | Noticed Natasha
  3251 | D:3      | Killed Natasha
  3275 | D:3      | Noticed Terence
  3301 | D:3      | Killed Terence
  3302 | D:3      | Reached XP level 6. HP: 23/45 MP: 6/10
  3312 | D:3      | Reached skill level 1 in Throwing
  3323 | D:3      | Learned a level 4 spell: Airstrike
  3382 | D:3      | Noticed Robin
  3388 | D:3      | Killed Robin
  3801 | D:3      | Found a faded altar of an unknown god.
  3806 | D:3      | Noticed Natasha
  3836 | D:3      | Killed Natasha
  4344 | D:4      | Your scales start taking on a dull iron-grey colour.
  4344 | D:4      | Reached XP level 7. HP: 49/50 MP: 7/12
  5053 | D:5      | Entered Level 5 of the Dungeon
  5507 | D:5      | Found a staircase to the Ecumenical Temple.
  5533 | Temple   | Entered the Ecumenical Temple
  5591 | Temple   | Became a worshipper of Makhleb the Destroyer
  6427 | D:5      | Noticed Menkaure
  6434 | D:5      | Killed Menkaure
  6435 | D:5      | Reached XP level 8. HP: 36/57 MP: 6/15
  6646 | D:5      | Noticed Edmund
  6693 | D:5      | Slain by Edmund

Illustrated notes

Levels and vault maps discovered:
D:1:      amcnicky_arrival_single_pillar, layout_basic, hangedman_decor_growths,
          st_stairs_8
D:2:      kb_forest_paths, layout_basic, grunt_ministairs_5, uniq_sigmund
D:3:      layout_rooms, basic_ecumenical_altar, uniq_natasha, uniq_robin,
          uniq_terence
D:4:      layout_basic, gup_ossuary_entry_pyramid, minmay_between
D:5:      layout_basic, minmay_temple_entry_crystal_x, uniq_menkaure,
          uniq_edmund
Temple:   corrupted_temple

Skill      XL: |  1  2  3  4  5  6  7 |
---------------+----------------------+-----
Dodging        | 2 3 |  3.0
Short Blades   | 1 2 3 |  3.3
Stealth        | 2 3 |  3.0
Spellcasting   | 3 4 |  4.6
Conjurations   | 2 3 4 |  4.0
Air Magic      | 4 3 4 |  4.5
Throwing       | 1 |  1.0

Action                   |  1- 3 |  4- 6 |  7- 9 || total
-------------------------+-------+-------+-------++-------
Melee: Short sword       |    44 |    91 |    71 ||   206
       Tailslap          |     3 |     6 |     7 ||    16
Throw: Javelin           |     6 |     1 |       ||     7
       Dart              |     3 |       |       ||     3
       Stone             |       |     1 |       ||     1
 Cast: Shock             |    81 |    93 |    63 ||   237
       Airstrike         |       |       |     1 ||     1
  Use: Scroll            |     1 |     1 |       ||     2
       Potion            |     1 |       |     1 ||     2
Armor: Skin              |    19 |    32 |    12 ||    63
Dodge: Dodged            |    55 |    45 |    39 ||   139
